 Dungeon Crawl Stone Soup version 0.27.0-1-g7a089689b8 (webtiles) character file.

Game seed: 15387455960462354241

715 BbI4ka the Chopper (level 7, -9/91 HPs)
             Began as a Minotaur Fighter on Aug 5, 2021.
             Was an Initiate of the Shining One.
             Mangled by a vampire (10 damage)
             ... on level 7 of the Dungeon.
             The game lasted 00:11:21 (3363 turns).

BbI4ka the Chopper (Minotaur Fighter)               Turns: 3363, Time: 00:11:21

Health: -9/91      AC: 23    Str: 23    XL:     7   Next: 41%
Magic:  6/6        EV:  2    Int:  5    God:    the Shining One [......]
Gold:   159        SH: 10    Dex:  9    Spells: 6/6 levels left

rFire    + . .     SeeInvis .   a - +0 war axe
rCold    x . .     Faith    .   c - +0 kite shield
rNeg     + + +     Spirit   .   (armour currently unavailable)
rPois    +         Reflect  .   (helmet currently unavailable)
rElec    .         Harm     .   (cloak currently unavailable)
rCorr    .         Rampage  .   (gloves currently unavailable)
Will     .....     NoTele   +   (boots currently unavailable)
Stlth    +.........             (no amulet)
HPRegen  0.25/turn              g - ring of fire
MPRegen  0.10/turn              j - +4 ring of evasion

@: mighty, brilliant, tree-form, very slightly contaminated, glowing, invisible
(but backlit and visible)
A: stationary, stasis, torment immunity, boosted hp, (horns 2), (retaliatory
headbutt)
a: Renounce Religion


You were on level 7 of the Dungeon.
You worshipped the Shining One.
The Shining One was noncommittal.
You were a tree.
You visited 2 branches of the dungeon, and saw 6 of its levels.
You also visited: Sewer.

You collected 159 gold pieces.

Inventory:

Hand Weapons
 a - a +0 war axe (weapon)
Armour
 b - a +0 scale mail
 c - a +0 kite shield (worn)
 l - a +0 pair of boots (melded)
 p - a +0 troll leather armour (melded) {Purgy}
Jewellery
 g - a ring of fire (left branch)
 j - a +4 ring of evasion (right branch)
Scrolls
 f - 2 scrolls of identify
 k - 3 scrolls of amnesia {unknown}
 m - a scroll of magic mapping {unknown}
 n - a scroll of teleportation {unknown}
 o - a scroll of vulnerability {unknown}
 q - a scroll of brand weapon {unknown}
Potions
 i - 2 potions of invisibility


   Skills:
 + Level 5.1 Fighting
 + Level 6.5 Axes
 + Level 5.5 Armour
 + Level 2.6 Dodging
 + Level 0.1 Stealth
 + Level 5.4 Shields


You had 6 spell levels left.
You didn't know any spells.
Your spell library contained the following spells:

 Spells                   Type           Power      Damage    Failure   Level
 Sublimation of Blood     Necr           0%         N/A       95%         2
 Wereblood                Tmut           0%         N/A       95%         2
 Summon Hydra             Summ           0%         N/A       100%        7


Dungeon Overview and Level Annotations

Branches:
Dungeon (7/15)             Temple (1/1) D:7           Sewer (visited)

Altars:
Dithmenos
Fedhas
Hepliaklqana
Kikubaaqudgha
Makhleb
Nemelex Xobeh
Sif Muna
Xom
Yredelemnul
Zin
The Shining One

Annotations:
D:1 1 runed translucent door


Innate Abilities, Weirdness & Mutations

You are a tree.
Your roots penetrate the ground, keeping you stationary.
You cannot be teleported.
You are immune to unholy pain and torment.
Your maximum health is greatly increased.
Your equipment is partially melded.
((You have a pair of horns on your head.))
((You reflexively headbutt those who attack you in melee.))


Message History

You are confused.
There is a strange disturbance nearby!
It was a potion of invisibility.
You become transparent, but the glow from your halo prevents you from becoming completely invisible.
Something hits you but does no damage. Something bites you.
* * * LOW HITPOINT WARNING * * *
You are very lightly contaminated with residual magic.
You cannot move. (Use ctrl+direction or * direction to attack without moving.) Unknown command.
You cannot move. (Use ctrl+direction or * direction to attack without moving.)
You miss something. Something hits you but does no damage.
Something bites you but does no damage.
You completely miss something.
You hear some strange, mumbled words.
You are more confused.
You barely miss something. Something hits you.
* * * LOW HITPOINT WARNING * * *
Something bites you but does no damage. Something hits you but does no damage.
Something bites you.
* * * LOW HITPOINT WARNING * * *
You barely miss something. Something hits you but does no damage.
Something bites you but does no damage.
You miss something. Something hits you but does no damage. Something bites you.
* * * LOW HITPOINT WARNING * * *
Something hits you but does no damage. Something bites you but does no damage.
You miss something. Something hits you.
* * * LOW HITPOINT WARNING * * *
Something bites you but does no damage.
You completely miss something. Something hits you but does no damage.
Something bites you!
* * * LOW HITPOINT WARNING * * *
You miss something.
You feel less confused. Something hits you but does no damage.
Something bites you but does no damage. Something hits you but does no damage.
Something bites you but does no damage.
As you read the scroll labelled GEPIWNU CIPN, it crumbles to dust.
It is a scroll of identify.
Okay, then.
Something hits you!
You die...

........≈≈≈..#### #
#...##.≈≈§§≈.....
.##
###.##≈≈§§≈≈§#####..
#...≈≈§>≈§§.....#
####§≈≈≈§)≈.....#
#..≈≈§§≈......# #
#...≈§§......!# ..#
...............#...#
########......♣{..#
#.......#.##
######..._..
#.##.#... #.. ......
...# ###.. .### # ..


There were no monsters in sight!

Vanquished Creatures
  Purgy (Sewer)
  A sky beast (D:7)
  A centaur (D:7)
  A kobold brigand (Sewer)
  An orc priest (D:4)
  An iguana (D:3)
  3 orc wizards
  Natasha (thrice) (D:2)
  4 adders
  2 river rats (D:3)
  2 white imps (D:7)
  2 worms
  2 dart slugs
  18 orcs
  7 ball pythons
  4 bats
  4 endoplasms
  3 giant cockroaches (D:3)
  7 goblins
  5 hobgoblins
  7 jackals (D:3)
  A quokka (D:4)
  A frilled lizard (D:2)
  7 kobolds
  6 rats
94 creatures vanquished.

Vanquished Creatures (others)
  A jackal (D:3)
  A kobold (D:3)
2 creatures vanquished.

Grand Total: 96 creatures vanquished

Notes
Turn   | Place    | Note
-------+----------+-------------------------------------------
     0 | D:1      | BbI4ka the Minotaur Fighter began the quest for the Orb.
     0 | D:1      | Reached XP level 1. HP: 19/19 MP: 0/0
     1 | D:1      | Found a runed translucent door.
    49 | D:1      | Noticed a shining eye
    50 | D:1      | Found a faded altar of an unknown god.
    57 | D:1      | Noticed a floating eye
    57 | D:1      | Noticed a shining eye
    57 | D:1      | Noticed a floating eye
   295 | D:1      | Reached XP level 2. HP: 27/27 MP: 1/1
   918 | D:2      | Reached XP level 3. HP: 32/33 MP: 2/2
   949 | D:2      | Reached skill level 1 in Dodging
  1289 | D:2      | Reached skill level 3 in Axes
  1346 | D:2      | Noticed Natasha
  1351 | D:2      | Killed Natasha
  1352 | D:2      | Reached XP level 4. HP: 35/40 MP: 3/3
  1594 | D:2      | Noticed Natasha
  1601 | D:2      | Killed Natasha
  1730 | D:2      | Noticed Natasha
  1736 | D:2      | Killed Natasha
  2086 | D:3      | Reached XP level 5. HP: 38/46 MP: 4/4
  2251 | D:3      | Reached skill level 4 in Axes
  2617 | D:3      | Found a glowing drain.
  2642 | Sewer    | Entered a sewer
  2703 | Sewer    | Reached skill level 5 in Axes
  2703 | Sewer    | Reached skill level 5 in Armour
  2703 | Sewer    | Reached XP level 6. HP: 43/53 MP: 5/5
  2836 | Sewer    | Noticed Purgy
  2844 | Sewer    | Killed Purgy
  2845 | Sewer    | Reached skill level 5 in Shields
  3133 | D:4      | You fall into a shaft and drop 3 floors!
  3139 | D:7      | Reached skill level 6 in Axes
  3139 | D:7      | Reached XP level 7. HP: 54/60 MP: 6/6
  3185 | D:7      | Found a staircase to the Ecumenical Temple.
  3203 | Temple   | Entered the Ecumenical Temple
  3297 | Temple   | Became a worshipper of the Shining One
  3339 | D:7      | Reached skill level 5 in Fighting
  3339 | D:7      | Found an ancient bone altar of Kikubaaqudgha.
  3341 | D:7      | Noticed a vampire
  3361 | D:7      | HP: 1/91 [something (8)]
  3363 | D:7      | Mangled by a vampire

Illustrated notes

Levels and vault maps discovered:
D:1:      dpeg_arrival_caged_fury, layout_loops_ring,
          hellmonk_ecumenical_altar_watching_god, serial_forest,
          infiniplex_forest_end_2, infiniplex_forest_straight_4,
          infiniplex_forest_clump_small, infiniplex_forest_clump_medium,
          infiniplex_forest_clump_cross, infiniplex_forest_lined_room_2,
          infiniplex_forest_lined_ring
D:2:      layout_loops_ring, uniq_natasha
D:3:      layout_rooms, portal_sewer_entry_b, lemuel_old_faithful
D:4:      layout_rooms
D:7:      layout_rooms, lemuel_crystal_altar, minmay_temple_entry_mist
Temple:   eino_temple_lava

Skill      XL: |  1  2  3  4  5  6  7 |
---------------+----------------------+-----
Fighting       | 4 5 |  5.1
Armour         | 4 5 |  5.5
Shields        | 4 5 |  5.4
Dodging        | 1 2 |  2.6
Axes           | 3 5 6 |  6.5
Stealth        | |  0.1

Action                   |  1- 3 |  4- 6 |  7- 9 || total
-------------------------+-------+-------+-------++-------
Melee: War axe           |    57 |   123 |    37 ||   217
       Headbutt          |     4 |    21 |     4 ||    29
  Use: Potion            |       |       |     4 ||     4
       Scroll            |       |       |     1 ||     1
Armor: Scale mail        |    28 |    32 |       ||    60
       Troll leather arm |       |     4 |    14 ||    18
       Skin              |       |       |    16 ||    16
Dodge: Dodged            |    20 |    80 |    17 ||   117
Block: Kite shield       |    45 |    86 |    12 ||   143
